 Seeded DCSS version 0.32-a0-868-g153ae1a (webtiles) character file.

Game seed: 800197345211678527 (custom seed)

86870 Anonymous1 the Brawler (level 15, -15/130 (143) HPs)
             Began as a Troll Necromancer on Mar 28, 2024.
             Was the Champion of Kikubaaqudgha.
             Killed from afar by Frances (31 damage)
             ... with an iron shot
             ... on level 12 of the Dungeon.
             The game lasted 00:56:42 (20782 turns).

Anonymous1 the Brawler (Troll Necromancer)         Turns: 20782, Time: 00:56:42

HP:   -15/130 (143) AC: 18    Str: 20    XL:     15   Next: 42%
MP:   22/22         EV: 11    Int: 19    God:    Kikubaaqudgha [******]
Gold: 1721          SH:  5    Dex: 10    Spells: 0/28 levels left

rFire   + .          .
                       - Unarmed
rCold   + . .        m - orb {light}
rNeg    . . .        x - +2 robe {rC+ rF+}
rPois   +            c - +3 crown of Dyrovepreva {rElec Int+2 SInv}
rElec   +            n - +0 cloak {rPois}
rCorr   .            (gloves unavailable)
SInv    +            (boots unavailable)
Will    +....        y - amulet of reflection
Stlth   +            g - +4 ring of protection
HPRegen 1.21/turn    u - +4 ring of protection
MPRegen 0.18/turn

%: reflection
@: about to teleport, glowing, studying 3 skills, drained
A: large, unfitting armour, claws 3, regeneration 1, shaggy fur 1, tough skin 1,
low MP 1, wild magic 1
a: Renounce Religion, Unearth Wretches, Torment


You were on level 12 of the Dungeon.
You worshipped Kikubaaqudgha.
Kikubaaqudgha was exalted by your worship.
You visited 3 branches of the dungeon, and saw 20 of its levels.
You also visited: Bailey.

You collected 2161 gold pieces.
You spent 440 gold pieces at shops.

Inventory:

Armour
 c - the +3 crown of Dyrovepreva (worn) {rElec Int+2 SInv}
   (You found it on level 5 of the Dungeon)

   Int+2:     It affects your intelligence (+2).
   rElec:     It insulates you from electricity.
   SInv:      It lets you see invisible.
 m - an orb of light (worn)
 n - a +0 cloak of poison resistance (worn)
 x - a +2 robe of resistance (worn)
Jewellery
 g - a +4 ring of protection (left claw)
 u - a +4 ring of protection (right claw)
 y - an amulet of reflection (around neck)
 z - a ring of protection from fire
Talismans
 b - a granite talisman
Wands
 f - a wand of charming (19)
 h - a wand of flame (14)
Scrolls
 a - 2 scrolls of fear
 i - 6 scrolls of vulnerability
 j - 5 scrolls of blinking
 l - a scroll of poison
 r - a scroll of silence
 s - 4 scrolls of teleportation
 t - 4 scrolls of fog
 E - 2 scrolls of identify
Potions
 d - a potion of lignification
 e - 3 potions of brilliance
 k - a potion of might
 o - 3 potions of mutation
 p - 7 potions of curing
 q - 4 potions of heal wounds
 v - 4 potions of enlightenment
 w - 2 potions of cancellation
 A - a potion of haste
 B - a potion of magic
 C - a potion of attraction
 D - a potion of ambrosia


   Skills:
 - Level 7.7 Fighting
 - Level 9.2 Dodging
 - Level 1.9 Stealth
 - Level 16.0 Unarmed Combat
 - Level 7.3 Spellcasting
 - Level 1.7 Hexes
 - Level 2.9 Summonings
 - Level 11.1 Necromancy
 - Level 0.5 Evocations
 + Level 7.5 Shapeshifting


You couldn't memorise any spells.
You knew the following spells:

 Your Spells              Type           Power      Damage    Failure   Level
a - Martyr's Knell        Necr/Summ      43%        N/A       9%          4
b - Anguish               Hex/Necr       20%        N/A       11%         4
c - Fugue of the Fallen   Necr           59%        N/A       1%          3
d - Vampiric Draining     Necr           59%        2d10      1%          3
e - Animate Dead          Necr           59%        N/A       2%          4
f - Dispel Undead         Necr           59%        3d21      2%          4
g - Death Channel         Necr           29%        N/A       22%         6

Your spell library contained the following spells:

 Spells                   Type           Power      Damage    Failure   Level
 Necrotise                Necr           100%       1d9       1%          1
 Sublimation of Blood     Necr           59%        N/A       1%          2
 Kiss of Death            Conj/Necr      100%       2d13      2%          1
 Curse of Agony           Necr           59%        N/A       4%          5
 Summon Small Mammal      Summ           92%        N/A       5%          1
 Call Imp                 Summ           46%        N/A       8%          2
 Jinxbite                 Hex            34%        N/A       12%         2
 Call Canine Familiar     Summ           23%        N/A       13%         3
 Magic Dart               Conj           36%        1d4       14%         1
 Confusing Touch          Hex            17%        N/A       21%         3
 Sigil of Binding         Hex            17%        N/A       21%         3
 Blink                    Tloc           18%        N/A       22%         2
 Dazzling Flash           Conj/Hex       26%        N/A       28%         3
 Inner Flame              Hex/Fire       13%        N/A       28%         3
 Summon Blazeheart Golem  Fire/Summ      16%        N/A       56%         4
 Dimensional Bullseye     Hex/Tloc       6%         N/A       65%         4
 Brom's Barrelling Bould  Conj/Erth      9%         2d3       77%         4
 Flame Wave               Conj/Fire      9%         2d6       77%         4
 Leda's Liquefaction      Alch/Erth      4%         N/A       77%         4
 Passage of Golubria      Tloc           9%         N/A       77%         4
 Sticky Flame             Fire/Alch      9%         2d5       77%         4
 Summon Mana Viper        Hex/Summ       20%        N/A       78%         5
 Summon Forest            Summ/Tloc      8%         N/A       88%         5
 Silence                  Hex/Air        6%         N/A       92%         5
 Yara's Violent Unravell  Hex/Alch       6%         3d5       92%         5
 Fireball                 Conj/Fire      4%         3d4       97%         5
 Iskenderun's Battlesphe  Conj           9%         2d6       97%         5
 Lee's Rapid Deconstruct  Erth           4%         3d5*      97%         5
 Summon Cactus Giant      Summ           11%        N/A       99%         6
 Haunt                    Necr/Summ      21%        N/A       99%         7
 Conjure Ball Lightning   Conj/Air       4%         3x3d6     100%        6
 Eringya's Noxious Bog    Alch           4%         4d6       100%        6
 Permafrost Eruption      Ice/Erth       4%         2x4d3     100%        6
 Starburst                Conj/Fire      4%         6d4       100%        6
 Enfeeble                 Hex            8%         N/A       100%        7
 Orb of Destruction       Conj           4%         9d5       100%        7
 Summon Hydra             Summ           11%        N/A       100%        7
 Borgnjor's Revivificati  Necr           29%        N/A       100%        8
 Infestation              Necr           29%        N/A       100%        8
 Lehudib's Crystal Spear  Conj/Erth      4%         10d3      100%        8
 Maxwell's Capacitive Co  Air            4%         ∞         100%        8
 Death's Door             Necr           29%        N/A       100%        9


Dungeon Overview and Level Annotations

Branches:
Dungeon (13/15)            Temple (0/1) D:5            Lair (5/5) D:10
 Shoals (0/4) Lair:3       Spider (0/4) Lair:2        Slime (0/5) Lair:4
    Orc (2/2) D:11            Elf (0/3) Orc:2        Bailey (visited)
 Vaults: D:13-14

Altars:
Cheibriados
Dithmenos
Elyvilon
Gozag
Hepliaklqana
Kikubaaqudgha
Makhleb
Nemelex Xobeh
Okawaru
Sif Muna
Trog
Uskayaw
Vehumet
Wu Jian
Xom
Yredelemnul
Beogh
Jiyva
Lugonu

Shops:
D:1 (   D:7 (   D:8 *   Orc:2 *[(*

Portals:
Abyss: Lair:5

Annotations:
D:11 3 runed translucent doors, Yphutt's ghost, journeyman GnSk; bande's ghost, journeyman GrFi
D:12 Frances
D:13 Lodul


Innate Abilities, Weirdness & Mutations

You are too large for most types of armour.
You have claws for hands.
Your natural rate of healing is unusually fast.
You are covered in fur. (AC +1)
You have tough skin. (AC +1)
Your magical capacity is low. (-10% MP)
Your spells are a little harder to cast, but a little more powerful.


Message History

You start resting.
Your unholy channel expires.
You start resting.
Magic restored.
You start resting.
HP restored.
Done exploring.
Okay, then.
There is a stone staircase leading down, spattered with blood here.
Frances shouts!
Frances screams a word of power!
Frances seems to speed up.
Things that are here:
a +0 rapier; an elf skeleton Frances mutters in a terrible tongue.
The rust devil screeches!
Frances whispers indecipherable words.
The iron shot hits you!!!
Frances whispers indecipherable words.
The shard of ice hits you! You partially resist.
As you read the scroll of teleportation, it crumbles to dust.
You feel strangely unstable. Frances closely misses you.
Frances hits you from afar with a +0 trident.
Frances hits you but does no damage.
You barely miss Frances.
Frances is moderately wounded.
Frances whispers indecipherable words.
The shard of ice hits you!! You partially resist.
* * * LOW HITPOINT WARNING * * *
You eviscerate Frances!!!
Frances is severely wounded.
Frances says, "I am undefeated in single-handed combat."
Frances hits you with a +0 trident!!
* * * LOW HITPOINT WARNING * * *
You mangle Frances!!
Frances is severely wounded.
Frances chants phrases taken from a devil's mouth.
The iron shot hits you!!
You die...
Kikubaaqudgha rasps: You have failed me!
Welcome... death!

######....###.#### #...
#......#..# #.# ##..
#....[.#..###.# #...
#......##..##.# #.#.
#......##..##.# #########+#.
#......##..##.######...........
#......##..##..3.3............)
###......##..##..####............
................@# #............
###......##..###@# #............
# #########....#.####............
# ##+##...................
####### #.........##............
......# #.......#..)......).....
......# ##.........>#............
......# #.......#####.#########..
......# #.......# #.# #..


You could see Frances (fast) and a soul eater (summoned).

Vanquished Creatures
  Jorgrun (D:13)
  Azrael (D:13)
  Josephine (D:11)
  Snorg (D:10)
  2 vault guards (Bailey)
  3 hydras
  5 two-headed ogres
  A boulder beetle (D:10)
  2 thrashing horrors (Lair:5)
  4 orc high priests (Orc:2)
  A lindwurm (Lair:5)
  4 orc knights (Orc:2)
  Pikel (D:9)
  An obsidian bat (Orc:2)
  A deep elf pyromancer (D:12)
  6 orc sorcerers
  3 ugly things (Lair:5)
  A manticore (D:12)
  A cyclops (D:11)
  3 meliai (D:11)
  A large abomination (Lair:5)
  12 elephants
  9 black mambas
  7 kobold blastminers (Orc:2)
  A gargoyle (D:11)
  3 smoke demons (Lair:5)
  An orange demon (D:12)
  8 cane toads
  An unseen horror (D:12)
  A rime drake (Lair:4)
  5 komodo dragons
  2 polar bears
  10 trolls
  8 blink frogs (Lair:5)
  Prince Ribbit (Bailey)
  A dream sheep (Lair:5)
  2 slime creatures (D:12)
  A shadow (D:12)
  4 wraiths
  Sigmund (D:3)
  3 wyverns
  A ynoxinul (Lair:5)
  8 humans (Bailey)
  A fire elemental (D:13)
  48 yaks
  5 steam dragons
  8 basilisks
  4 wargs
  4 vampire mosquitoes (D:11)
  2 redbacks (Lair:2)
  Edmund (D:4)
  2 acid dragons
  6 small abominations (Lair:5)
  9 water moccasins
  A hell hound (D:12)
  A nameless horror (Lair:5)
  38 orc warriors
  2 sky beasts
  5 black bears
  An ice beast (D:7)
  A swamp drake (shapeshifter) (Lair:5)
  6 wolves
  12 ogres
  5 centaurs
  A kobold brigand (D:10)
  2 lemures (D:9)
  Blork the orc (D:4)
  22 bullfrogs
  5 scorpions
  2 gnoll sergeants
  2 wights
  11 killer bees
  A howler monkey (D:6)
  5 electric eels
  A bombardier beetle (D:3)
  3 hounds
  28 orc priests
  4 jellies
  6 iguanas
  15 orc wizards
  3 hell rats (Lair:1)
  7 gnolls
  8 adders
  7 river rats (Lair:1)
  A shadow imp (D:7)
  5 white imps
  4 ufetubi
  2 ribbon worms
  79 orcs
  8 ball pythons
  9 endoplasms
  5 giant cockroaches
  11 goblins
  8 hobgoblins
  8 jackals
  14 kobolds
  2 quokkas
  5 bats
  5 frilled lizards
  16 rats
612 creatures vanquished.

Vanquished Creatures (collateral kills)
  Gastronok (Orc:1)
  2 orc warlords
  4 hydras
  A skyshark (Lair:4)
  An orc knight (Orc:2)
  6 elephants
  A black mamba (shapeshifter) (Lair:5)
  2 black mambas (Lair:4)
  4 cane toads
  2 rime drakes (Lair:2)
  2 komodo dragons
  A hornet (Lair:2)
  A troll (D:10)
  3 raiju
  4 dream sheep (Lair:5)
  A slime creature (D:12)
  A spriggan (Lair:5)
  6 yaks
  A ynoxinul (Lair:5)
  2 basilisks
  A wyvern (Lair:4)
  A fire bat (D:12)
  2 small abominations (Lair:5)
  4 water moccasins
  6 orc warriors
  2 ogres
  A wolf (Lair:1)
  3 centaurs (Lair:3)
  A kobold brigand (D:9)
  5 bullfrogs
  2 killer bees
  A jelly (Lair:4)
  6 orc priests
  An orc wizard (Orc:2)
  2 adders (Lair:2)
  8 orcs
  A goblin (D:10)
  2 kobolds (D:9)
  2 butterflies (Lair:1)
97 creatures vanquished.

Vanquished Creatures (others)
  A centaur warrior (D:13)
  A tengu warrior (D:13)
  3 orc knights
  2 elephants
  2 cane toads
  A dream sheep (Lair:5)
  A blink frog (Lair:5)
  2 black mamba zombies (Lair:5)
  A slime creature zombie (D:12)
  3 yaks
  A wyvern (Lair:5)
  A basilisk (Lair:4)
  2 wargs (Orc:2)
  A cane toad zombie (Lair:5)
  3 water moccasins
  3 dream sheep zombies (Lair:5)
  5 elephant zombies
  A blink frog zombie (Lair:5)
  9 orc warriors
  A centaur (D:13)
  A bullfrog (Lair:4)
  A warg zombie (Orc:1)
  8 water moccasin zombies
  A troll zombie (Orc:2)
  6 yak zombies
  2 wolf zombies (Lair:1)
  A centaur zombie (D:8)
  8 bullfrog zombies
  2 basilisk zombies (Lair:5)
  A bombardier beetle (D:13)
  5 human zombies (Bailey)
  2 orc priests
  2 orc wizards
  3 killer bee zombies (D:8)
  2 ogre zombies
  A swamp drake zombie (Lair:5)
  13 orcs
  A frilled lizard (D:13)
  A frilled lizard zombie (D:13)
  3 gnoll zombies (D:9)
  A hobgoblin zombie (Bailey)
  55 orc zombies
164 creatures vanquished.

Grand Total: 873 creatures vanquished

Notes
Turn   | Place    | Note
-------+----------+-------------------------------------------
     0 | D:1      | Anonymous1 the Troll Necromancer began the quest for the
                  | Orb.
     0 | D:1      | Reached XP level 1. HP: 16/16 MP: 1/1
   133 | D:1      | Reached XP level 2. HP: 25/26 MP: 2/2
   180 | D:1      | Reached skill level 1 in Unarmed Combat
   281 | D:1      | Reached skill level 1 in Fighting
   288 | D:1      | Found a faded altar of an unknown god.
   298 | D:1      | Prayed at the altar of an unknown god.
   298 | D:1      | Became a worshipper of Kikubaaqudgha
   298 | D:1      | Reached * piety under Kikubaaqudgha
   298 | D:1      | Received a gift from Kikubaaqudgha
   332 | D:1      | Learned a level 1 spell: Kiss of Death
   466 | D:1      | Reached XP level 3. HP: 30/33 MP: 3/3
   476 | D:1      | Identified a scroll of acquirement
   476 | D:1      | Acquired a +2 hat of see invisible
   527 | D:1      | Found Lidiahou's Antique Weapon Shop.
  1460 | D:3      | You fall into a shaft and drop 2 floors!
  1460 | D:5      | Entered Level 5 of the Dungeon
  1498 | D:5      | Gained mutation: Your magical capacity is low. (-10% MP)
                  | [potion of mutation]
  1498 | D:5      | Gained mutation: Your spells are a little harder to cast,
                  | but a little more powerful. [potion of mutation]
  1509 | D:5      | Reached XP level 4. HP: 20/41 MP: 4/4
  1575 | D:5      | Learned a level 3 spell: Vampiric Draining
  1605 | D:5      | Found the +3 crown of Dyrovepreva {rElec Int+2 SInv}
  1697 | D:5      | Reached skill level 2 in Unarmed Combat
  1701 | D:5      | Reached XP level 5. HP: 36/49 MP: 5/5
  1731 | D:4      | Noticed Blork the orc
  1755 | D:4      | Killed Blork the orc
  1756 | D:4      | Reached XP level 6. HP: 33/57 MP: 5/6
  1779 | D:4      | Found a radiant altar of Vehumet.
  1824 | D:4      | Reached ** piety under Kikubaaqudgha
  1856 | D:4      | Found a bloodstained altar of Trog.
  1880 | D:4      | Reached skill level 3 in Unarmed Combat
  1903 | D:4      | Reached XP level 7. HP: 65/66 MP: 8/8
  2080 | D:3      | Noticed Sigmund
  2087 | D:3      | Killed Sigmund
  2298 | D:3      | Learned a level 3 spell: Fugue of the Fallen
  2443 | D:3      | Identified the +0 ring mail of Kigus {Harm Dex+4}
  2452 | D:3      | Reached *** piety under Kikubaaqudgha
  2452 | D:3      | Received a gift from Kikubaaqudgha
  2795 | D:4      | Found a basalt altar of Yredelemnul.
  2827 | D:4      | Found a snail-covered altar of Cheibriados.
  2940 | D:4      | Reached skill level 4 in Unarmed Combat
  3011 | D:4      | Found an opulent altar of Gozag.
  3048 | D:4      | Noticed Edmund
  3063 | D:4      | Killed Edmund
  3064 | D:4      | Reached XP level 8. HP: 66/75 MP: 9/9
  3377 | D:5      | Found a sparkling altar of Nemelex Xobeh.
  3470 | D:5      | Found a staircase to the Ecumenical Temple.
  3495 | D:5      | Reached skill level 5 in Unarmed Combat
  3526 | D:5      | Found a hazy altar of Hepliaklqana.
  3544 | D:5      | Found a white marble altar of Elyvilon.
  3824 | D:6      | Reached skill level 5 in Necromancy
  3925 | D:6      | Reached skill level 6 in Unarmed Combat
  3939 | D:6      | Reached XP level 9. HP: 59/84 MP: 11/11
  3967 | D:6      | Found a shadowy altar of Dithmenos.
  4033 | D:6      | Found a shimmering blue altar of Sif Muna.
  4033 | D:6      | Found an iron altar of Okawaru.
  4109 | D:6      | Learned a level 4 spell: Animate Dead
  4239 | D:7      | Reached **** piety under Kikubaaqudgha
  4533 | D:7      | Found an ornate altar of the Wu Jian Council.
  4605 | D:7      | Found Dulatual's Antique Weapon Boutique.
  4724 | D:7      | Reached skill level 5 in Dodging
  5004 | D:7      | Reached skill level 7 in Unarmed Combat
  5289 | D:8      | Noticed a two-headed ogre
  5304 | D:8      | Killed a two-headed ogre
  5305 | D:8      | Reached skill level 5 in Fighting
  5305 | D:8      | Reached XP level 10. HP: 42/96 MP: 13/13
  5382 | D:8      | Reached skill level 8 in Unarmed Combat
  5423 | D:8      | Noticed a two-headed ogre
  5432 | D:8      | Killed a two-headed ogre
  5843 | D:8      | Found Nurch's General Store.
  5851 | D:8      | Bought a potion of curing for 39 gold pieces
  5851 | D:8      | Bought a scroll of fog for 52 gold pieces
  5851 | D:8      | Bought a potion of enlightenment for 65 gold pieces
  6039 | D:9      | Noticed a +0 dagger
  6040 | D:9      | Noticed a +0 short sword
  6040 | D:9      | Noticed a +0 spear
  6041 | D:9      | Noticed a +0 spear
  6041 | D:9      | Noticed a +0 short sword
  6041 | D:9      | Noticed a +0 falchion
  6041 | D:9      | Noticed a +0 falchion
  6042 | D:9      | Noticed a +0 dagger
  6054 | D:9      | Found a hide-covered altar of Uskayaw.
  6196 | D:9      | Noticed Pikel
  6223 | D:9      | Reached skill level 9 in Unarmed Combat
  6239 | D:9      | Killed Pikel
  6529 | D:9      | Found a burning altar of Makhleb.
  6580 | D:10     | Entered Level 10 of the Dungeon
  6580 | D:10     | Found a shimmering altar of Xom.
  6593 | D:10     | Noticed a boulder beetle
  6618 | D:10     | Killed a boulder beetle
  6619 | D:10     | Reached XP level 11. HP: 94/105 MP: 9/15
  6820 | D:10     | Found a flagged portal.
  6829 | Bailey   | Entered a bailey
  6873 | Bailey   | Reached ***** piety under Kikubaaqudgha
  6977 | Bailey   | Learned a level 4 spell: Dispel Undead
  6984 | Bailey   | Learned a level 4 spell: Martyr's Knell
  7009 | Bailey   | Reached skill level 10 in Unarmed Combat
  7057 | Bailey   | Noticed Prince Ribbit
  7057 | Bailey   | Noticed a vault guard
  7076 | Bailey   | Killed Prince Ribbit
  7089 | Bailey   | Killed a vault guard
  7152 | Bailey   | Noticed a vault guard
  7169 | Bailey   | Killed a vault guard
  7325 | D:10     | Found a staircase to the Lair.
  7409 | D:10     | Noticed Snorg
  7427 | D:10     | Killed Snorg
  7603 | D:10     | Reached skill level 5 in Spellcasting
  7923 | Lair:1   | Entered Level 1 of the Lair of Beasts
  7964 | Lair:1   | Reached skill level 11 in Unarmed Combat
  7995 | Lair:1   | Reached XP level 12. HP: 51/115 MP: 1/16
  8173 | Lair:1   | Identified the +3 leather armour of Inference {rF++ Dex+3}
  8242 | Lair:1   | Reached skill level 1 in Summonings
  8910 | Lair:1   | Identified the +2 scale mail of Undesirable Species {rF-
                  | Str+2 Stlth+}
  9279 | Lair:1   | Reached skill level 12 in Unarmed Combat
  9832 | Lair:2   | Found a hole to the Spider Nest.
  9883 | Lair:2   | Noticed a seven-headed hydra
  9898 | Lair:2   | HP: 3/115 [nine-headed hydra (7)]
  9901 | Lair:2   | Killed a nine-headed hydra
 10634 | Lair:2   | Reached ****** piety under Kikubaaqudgha
 10879 | Lair:2   | Learned a level 4 spell: Anguish
 10918 | Lair:3   | Noticed an eight-headed hydra
 10925 | Lair:3   | Reached XP level 13. HP: 123/123 MP: 6/18
 10936 | Lair:3   | Reached skill level 13 in Unarmed Combat
 11394 | Lair:3   | Received a gift from Kikubaaqudgha (forbidden knowledge)
 11656 | Lair:3   | Found a staircase to the Shoals.
 12353 | Lair:4   | Reached skill level 1 in Hexes
 12452 | Lair:4   | Acquired a manual of Necromancy
 12454 | Lair:4   | Acquired a manual of Necromancy
 12456 | Lair:4   | Acquired a manual of Fighting
 12889 | Lair:4   | Found a viscous altar of Jiyva.
 12891 | Lair:4   | Found a staircase to the Slime Pits.
 13309 | Lair:5   | Entered Level 5 of the Lair of Beasts
 13580 | Lair:5   | Reached skill level 14 in Unarmed Combat
 14268 | Lair:5   | Reached skill level 10 in Necromancy
 14428 | Lair:5   | Reached XP level 14. HP: 115/133 MP: 7/20
 14832 | Lair:5   | Reached skill level 15 in Unarmed Combat
 14937 | Lair:5   | Found a corrupted altar of Lugonu.
 14937 | Lair:5   | Found a one-way gate to the infinite horrors of the Abyss.
 15177 | D:11     | Noticed Josephine
 15196 | D:11     | Killed Josephine
 15270 | D:11     | Found a runed translucent gate.
 15270 | D:11     | Found a runed translucent gate.
 15270 | D:11     | Found a runed translucent gate.
 15315 | D:11     | Found a staircase to the Orcish Mines.
 15409 | D:11     | Noticed bande's ghost (journeyman GrFi)
 15409 | D:11     | Noticed Yphutt's ghost (journeyman GnSk)
 16275 | Orc:1    | Entered Level 1 of the Orcish Mines
 16280 | Orc:1    | Noticed Gastronok
 16281 | Orc:1    | Noticed an orc warlord
 16323 | Orc:1    | Killed Gastronok
 16408 | Orc:1    | Killed an orc warlord
 16820 | Orc:2    | Entered Level 2 of the Orcish Mines
 17517 | Orc:2    | Reached skill level 16 in Unarmed Combat
 17755 | Orc:2    | Found a staircase to the Elven Halls.
 17758 | Orc:2    | Reached skill level 1 in Shapeshifting
 17820 | Orc:2    | Paralysed by an orc sorcerer for 3 turns
 17989 | Orc:2    | Found Ceif's Assorted Antiques.
 17996 | Orc:2    | Reached XP level 15. HP: 114/143 MP: 12/22
 18046 | Orc:2    | Found a roughly hewn altar of Beogh.
 18169 | Orc:2    | Bought a scroll labelled HOPASY BIWUI for 28 gold pieces
 18403 | Orc:2    | Learned a level 6 spell: Death Channel
 18664 | Orc:2    | Found Nopimiga's Weapon Emporium.
 18889 | Orc:2    | Found a roughly hewn altar of Beogh.
 18945 | Orc:2    | Reached skill level 5 in Shapeshifting
 19099 | Orc:2    | Found Loysaom's General Store.
 19136 | Orc:2    | Bought a potion of magic for 128 gold pieces
 19136 | Orc:2    | Bought a scroll of fear for 64 gold pieces
 19136 | Orc:2    | Bought a scroll of identify for 32 gold pieces
 19136 | Orc:2    | Bought a scroll of identify for 32 gold pieces
 19144 | Orc:2    | Found Viehui's Armour Shop.
 19913 | D:12     | Found a shimmering altar of Xom.
 20100 | D:13     | Noticed Lodul
 20102 | D:13     | Noticed Frances
 20108 | D:13     | Noticed Jorgrun
 20282 | D:13     | Noticed Azrael
 20291 | D:13     | Killed Jorgrun
 20297 | D:13     | Killed Azrael
 20782 | D:12     | Killed from afar by Frances

Illustrated notes

Levels and vault maps discovered:
D:1:      nicolae_arrival_somewhat_less_tricky_arrival, layout_basic,
          serial_shops, nicolae_shop_hallway_plus,
          hellmonk_ecumenical_altar_zigzags
D:2:      layout_basic
D:3:      minmay_chambers_of_twos, layout_basic,
          nicolae_concentric_dashed_squares_mild, uniq_sigmund
D:4:      layout_rooms, mainiacjoe_overflow_alcove_4,
          mainiacjoe_overflow_brackets, trog_ov_bears_minmay,
          cheibriados_altar_1, grunt_gozag_statues, kennysheep_generic_room_8,
          uniq_blork_the_orc, uniq_edmund
D:5:      layout_basic, overflow_temple_1_default, mainiacjoe_overflow_alcove_2,
          nicolae_overflow_crystal_walls, minmay_temple_entry_statues_pillars,
          chequers_serial_rivers_micro_e
D:6:      layout_rooms, marbit_many_paths, mainiacjoe_overflow_divided_tiny
D:7:      layout_loops_ring, nzn_wu_jian_council_hall, serial_shops, shop,
          serial_bayou, serial_bayou_ford_a, serial_bayou_shore_a,
          serial_bayou_pond_e, serial_bayou_pond_b
D:8:      layout_layer_cave, serial_shops, shop, st_stairs_5, roderic_lattice_a
D:9:      layout_rooms, nicolae_uskayaw_en_pointe,
          mainiacjoe_overflow_surrounded_room, uniq_pikel
D:10:     layout_layer_cave, mainiacjoe_overflow_catwalk, lair_entry_dummy,
          enter_bailey_3, minivault_14, grunt_decor_junction, uniq_snorg
D:11:     layout_basic, hiddenorc1_lemuel, gammafunk_ghost_cemetery,
          uniq_josephine
D:12:     layout_basic, regret_index_xom_of_box
D:13:     nooodl_glass_maze, layout_layer_cave, ximxim_vaults_locker_room,
          dreamdust_looks_like_rain, uniq_lodul, uniq_azrael, uniq_frances,
          uniq_jorgrun
Lair:1:   layout_layer_cave, grunt_forest_stairs_basic,
          kennysheep_abandoned_house, lemuel_fruit_tree, lemuel_fruit_fields
Lair:2:   minmay_lair_venomous_thicket, layout_cave_pods,
          spider_nest_entry_webs, st_stairs_13, chequers_serial_rivers_small_a,
          grunt_megastairs_2
Lair:3:   layout_long_grid, minmay_shoals_entry_centaurs
Lair:4:   layout_regular_city, slime_entry_2, grunt_megastairs_1
Lair:5:   hellmonk_lair_end_abyssal_woods, layout_misc_corridors,
          nicolae_quartered_pool_impasse
Orc:1:    layout_caves, uniq_gastronok
Orc:2:    pubby_orc_utopia

Skill      XL: |  1  2  3  4  5  6  7  8  9 10 11 12 13 14 15 |
---------------+----------------------------------------------+-----
Unarmed Combat | 1 2 3 4 6 7 9 11 12 14 16 | 16.0
Dodging        | 2 3 4 5 6 7 8 9 |  9.2
Fighting       | 1 2 3 4 5 6 7 |  7.7
Spellcasting   | 2 3 4 5 6 7 |  7.3
Necromancy     | 4 5 6 7 8 10 11 | 11.1
Summonings     | 1 2 |  2.9
Hexes          | 1 |  1.7
Shapeshifting  | 2 7 |  7.5
Stealth        | |  1.9
Evocations     | |  0.5

Action                     |  1- 3 |  4- 6 |  7- 9 | 10-12 | 13-15 || total
---------------------------+-------+-------+-------+-------+-------++-------
  Melee: Unarmed           |   117 |   110 |   319 |   568 |   875 ||  1989
         Punch             |       |     1 |       |       |       ||     1
   Cast: Animate Dead      |       |       |     4 |    13 |    20 ||    37
         Fugue of the Fall |       |       |       |    27 |    41 ||    68
         Martyr's Knell    |       |       |       |    20 |    48 ||    68
         Vampiric Draining |       |       |       |     3 |     6 ||     9
         Dispel Undead     |       |       |       |     1 |     2 ||     3
         Anguish           |       |       |       |     1 |    30 ||    31
         Death Channel     |       |       |       |       |    11 ||    11
 Invoke: Unearth Wretches  |       |       |       |     1 |     7 ||     8
         Receive Forbidden |       |       |       |       |     1 ||     1
  Evoke: Wand              |       |       |       |       |    13 ||    13
    Use: Scroll            |     4 |     1 |    10 |     8 |    22 ||    45
         Potion            |     1 |       |     1 |     1 |     4 ||     7
   Stab: Sleeping          |     1 |       |       |       |       ||     1
         Distracted        |       |       |     1 |     2 |    11 ||    14
         Paralysed         |       |       |       |     1 |       ||     1
 Armour: Robe              |    68 |    92 |   240 |   434 |   820 ||  1654
         Steam dragon scal |       |       |    58 |   129 |       ||   187
         Skin              |       |       |       |     5 |   128 ||   133
  Dodge: Dodged            |    52 |    71 |   178 |   308 |   453 ||  1062

Table legend: (Time is in decaauts)
 A = Elapsed time spent in this place.
 B = Non-inter-level travel time spent in this place.
 C = Inter-level travel time spent in this place.
 D = Time resting spent in this place.
 E = Time spent auto-exploring this place.
 F = Levels seen in this place.
 G = Mean time per level.
                   A        B        C        D        E       F      G
               +--------+--------+--------+--------+--------+-----+--------+
         Total |  20420 |  19735 |    685 |   1373 |  14340 |  21 |  972.4 |
       Dungeon |   9883 |   9439 |    444 |    555 |   7022 |  13 |  760.2 |
          Lair |   7112 |   6923 |    189 |    481 |   5279 |   5 | 1422.4 |
  Orcish Mines |   3020 |   2969 |     51 |    278 |   1893 |   2 | 1510.0 |
        Bailey |    404 |    404 |      0 |     59 |    146 |   1 |  404.0 |
               +--------+--------+--------+--------+--------+-----+--------+

Top non-repeatable levels by time:
   Orc:2: 2415 daAuts
  Lair:5: 1709 daAuts
  Lair:1: 1552 daAuts
  Lair:2: 1416 daAuts
  Lair:4: 1319 daAuts
    D:12: 1279 daAuts
  Lair:3: 1113 daAuts
    D:11: 1109 daAuts
     D:7: 923 daAuts
    D:10: 922 daAuts
     D:3: 837 daAuts
     D:8: 832 daAuts
     D:5: 803 daAuts
     D:1: 713 daAuts
     D:2: 708 daAuts
